 Dungeon Crawl Stone Soup version 0.22-a0-433-gd2a9cce0b5 (webtiles) character file.

207331 Rrauwl the Severer (level 18, -6/163 HPs)
             Began as a Hill Orc Fighter on May 26, 2018.
             Was the Champion of Okawaru.
             Killed from afar by a frost giant (illusionary) (60 damage)
             ... with a bolt of cold
             ... on level 1 of the Depths on May 29, 2018.
             The game lasted 02:06:40 (32886 turns).

Rrauwl the Severer (Hill Orc Fighter)              Turns: 32886, Time: 02:06:42

Health: -6/163     AC: 48    Str: 28    XL:     18   Next: 75%
Magic:  27/29      EV: 10    Int: 11    God:    Okawaru [******]
Gold:   2052       SH: 23    Dex: 10    Spells: 15/17 levels left

rFire    . . .     SeeInvis .   a - +7 broad axe (elec)
rCold    . . .     Gourm    .   x - +0 large shield
rNeg     + . .     Faith    .   X - +9 crystal plate armour "Irumnyet" {+Fly rN+ rCorr Str-2}
rPois    +         Spirit   .   v - +0 helmet of Forking Paths {+Fly rElec rPois rC-}
rElec    +         Reflect  .   P - +0 cloak
rCorr    +         Harm     .   O - +2 pair of gloves {Str+3}
MR       +....                  y - +1 pair of boots
Stlth    ..........             d - amulet of regeneration
HPRegen  0.77/turn              m - ring of protection from cold
MPRegen  0.21/turn              I - +3 ring of intelligence

@: heroism
A: thin metallic scales 1, sense surroundings 1
}: 1/15 runes: gossamer
a: Heroism, Finesse, Renounce Religion, Evoke Flight


You were on level 1 of the Depths.
You worshipped Okawaru.
Okawaru was exalted by your worship.
You were not hungry.

You visited 7 branches of the dungeon, and saw 30 of its levels.
You visited the Abyss 2 times.
You also visited: Ice Cave.

You collected 3129 gold pieces.
You spent 1077 gold pieces at shops.

Inventory:

Hand Weapons
 a - a +7 broad axe of electrocution (weapon)
 c - a +0 eveningstar of freezing
Missiles
 H - 3 throwing nets (quivered)
Armour
 v - the +0 helmet of Forking Paths (worn) {+Fly rElec rPois rC-}
   (You bought it in a shop on level 7 of the Dungeon)

   It makes you vulnerable to cold.
   It insulates you from electricity.
   It protects you from poison.
   It lets you fly.
 x - a +0 large shield (worn)
 y - a +1 pair of boots (worn)
 O - a +2 pair of gloves of strength (worn)
 P - a +0 cloak (worn)
 X - the +9 crystal plate armour "Irumnyet" (worn) {+Fly rN+ rCorr Str-2}
   (Okawaru gifted it to you on level 1 of the Spider Nest)

   It affects your strength (-2).
   It protects you from negative energy.
   It lets you fly.
   It protects you from acid and corrosion.
Jewellery
 d - an amulet of regeneration (around neck)
 m - a ring of protection from cold (left hand)
 I - a +3 ring of intelligence (right hand)
Wands
 f - a wand of flame (101)
 o - a wand of enslavement (8)
 q - a wand of paralysis (16)
 r - a wand of acid (1)
 s - a wand of digging (25)
 z - a wand of clouds (2)
 K - a wand of disintegration (8)
 N - a wand of polymorph (23)
 R - a wand of iceblast (10)
Scrolls
 g - 8 scrolls of remove curse
 i - 22 scrolls of identify
 n - 3 scrolls of blinking
 u - 5 scrolls of fear
 B - 6 scrolls of teleportation
 G - 3 scrolls of fog
 M - 3 scrolls of magic mapping
Potions
 b - 5 potions of might
 k - 4 potions of curing
 l - 3 potions of heal wounds
 p - 3 potions of magic
 t - 5 potions of haste
 w - 4 potions of cancellation
 F - 2 potions of berserk rage
 Q - 5 potions of ambrosia
Miscellaneous
 C - a lamp of fire
 E - a box of beasts
 Z - a phantom mirror
Comestibles
 e - 47 rations
 h - 25 chunks of flesh


   Skills:
 - Level 15.0(20.0) Fighting
 - Level 20.0(25.0) Axes
 + Level 14.7(19.7) Armour
 - Level 8.0(13.0) Dodging
 + Level 14.7(19.7) Shields
 - Level 15.0 Invocations
 - Level 11.0 Evocations


You had 15 spell levels left.
You knew the following spells:

 Your Spells              Type           Power        Failure   Level  Hunger
a - Apportation           Tloc           #.....       100%        1    ##.....
b - Summon Butterflies    Summ           #.......     100%        1    ##.....

Your spell library contained the following spells:

 Spells                   Type           Power        Failure   Level  Hunger
 Cause Fear               Hex            #.........   100%        4    #####..
 Magic Dart               Conj           #...         100%        1    ##.....
 Bolt of Fire             Conj/Fire      #.........   100%        6    #######
 Bolt of Magma            Conj/Fire/Erth #.........   100%        5    ######.
 Invisibility             Hex            #.......     100%        6    #######
 Throw Frost              Conj/Ice       #.....       100%        2    ###....
 Summon Small Mammal      Summ           #...         100%        1    ##.....
 Bolt of Draining         Conj/Necr      #.........   100%        5    ######.
 Iskenderun's Mystic Bla  Conj           #.......     100%        4    #####..
 Animate Dead             Necr           N/A          100%        4    #####..
 Pain                     Necr           #...         100%        1    ##.....
 Animate Skeleton         Necr           N/A          100%        1    ##.....
 Vampiric Draining        Necr           #.........   100%        3    ####...
 Freeze                   Ice            #...         100%        1    ##.....
 Summon Ice Beast         Ice/Summ       #.......     100%        4    #####..
 Ozocubu's Armour         Chrm/Ice       #.......     100%        3    ####...
 Dispel Undead            Necr           #.......     100%        5    ######.
 Regeneration             Chrm/Necr      #.........   100%        3    ####...
 Sublimation of Blood     Necr           #.........   100%        2    ###....
 Tukima's Dance           Hex            #.......     100%        3    ####...
 Corpse Rot               Necr           N/A          100%        2    ###....
 Iron Shot                Conj/Erth      #.........   100%        6    #######
 Agony                    Necr           #.......     100%        5    ######.
 Spider Form              Tmut/Pois      #.........   100%        3    ####...
 Blade Hands              Tmut           #.........   100%        5    ######.
 Statue Form              Tmut/Erth      #........    100%        6    #######
 Ice Form                 Ice/Tmut       #.......     100%        4    #####..
 Dragon Form              Tmut           #.........   100%        7    #######
 Throw Icicle             Conj/Ice       #.......     100%        4    #####..
 Confusing Touch          Hex            #.....       100%        1    ##.....
 Flame Tongue             Conj/Fire      #....        100%        1    ##.....
 Sticks to Snakes         Tmut           #.......     100%        2    ###....
 Shatter                  Erth           #.........   100%        9    #######
 Alistair's Intoxication  Tmut/Pois      #.......     100%        5    ######.
 Excruciating Wounds      Chrm/Necr      #.........   100%        5    ######.
 Leda's Liquefaction      Hex/Erth       #.........   100%        4    #####..
 Shroud of Golubria       Chrm/Tloc      #.........   100%        2    ###....
 Beastly Appendage        Tmut           #.....       100%        1    ##.....
 Fulminant Prism          Conj/Hex       #.........   100%        4    #####..
 Dazzling Spray           Conj/Hex       #.....       100%        3    ####...
 Force Lance              Conj/Tloc      #.......     100%        4    #####..
 Infusion                 Chrm           #...         100%        1    ##.....
 Song of Slaying          Chrm           #.......     100%        2    ###....
 Spectral Weapon          Hex/Chrm       #.......     100%        3    ####...
 Searing Ray              Conj           #.....       100%        2    ###....
 Dragon's Call            Summ           #.........   100%        9    #######
 Hydra Form               Tmut           #.........   100%        6    #######
 Irradiate                Conj/Tmut      #.........   100%        5    ######.
 Lesser Beckoning         Tloc           #.........   100%        3    ####...


Dungeon Overview and Level Annotations

Branches:
Dungeon (15/15)            Temple (1/1) D:6            Lair (6/6) D:11
 Shoals (0/4) Lair:4       Spider (4/4) Lair:3        Slime (0/5) Lair:5
    Orc (2/2) D:12            Elf (1/3) Orc:2        Vaults (0/5) D:13
 Depths (1/5) D:15

Altars:
Ashenzari
Cheibriados
Dithmenos
Elyvilon
Fedhas
Gozag
Hepliaklqana
Kikubaaqudgha
Makhleb
Nemelex Xobeh
Okawaru
Qazlal
Ru
Sif Muna
Trog
Uskayaw
Vehumet
Wu Jian
Xom
Yredelemnul
Zin
The Shining One
Beogh

Shops:
D:6 =   D:7 **?[*   D:12 [   Orc:2 }[:?*

Portals:
Hell: Depths:1


Innate Abilities, Weirdness & Mutations

You are partially covered in thin metallic scales. (AC +2)
You passively map a small area around you.


Message History

The bolt of cold hits you!
The tarantella bites you but does no damage. x2
You slice the tarantella!!
Lightning courses through the tarantella!
You kill the tarantella!
The tarantella's corpse shimmers and vanishes!
You slice the tarantella!!
You kill the tarantella!
Okawaru accepts your kill.
Unknown command.
You feel better. You block the rakshasa's attack.
The frost giant points at you and mumbles some strange words.
The bolt of cold hits you!
You gain the combat prowess of a mighty hero.
The frost giant casts a spell at you. The bolt of cold hits you!
The rakshasa hits you but does no damage.
The frost giant gestures at you while chanting.
The bolt of cold hits you!
You die...

#.# #........#
######.# #........#
....##.######........#
.....................#
..(........#.........#
#...(.....###........#
#.........# #........#
###.....### ###..#####
##...## ##@# #..#..#
###CC### ..###...
#.R....# ##* ##.
*#..C.#+#*
..#...C...,,
*#...(..#### ##....'.
, , #......# ,
#..#.....


You could see 4 frost giants and a rakshasa.

Vanquished Creatures
  Frances (D:13)
  Kirke (Spider:2)
  Donald (Spider:1)
  4 ghost moths
  Louise (D:14)
  8 emperor scorpions
  A stone giant (Depths:1)
  6 entropy weavers
  2 very ugly things (IceCv)
  Nessos (D:15)
  The ghost of Ordine the Peltast, a journeyman TeFi of Okawaru (D:14)
  A dire elephant (Lair:6)
  2 minotaurs (D:14)
  3 spark wasps
  Azrael (D:15)
  Josephine (Orc:2)
  A deep elf high priest (Elf:1)
  4 ogre magi
  4 vault guards (D:13)
  Erolcha (D:10)
  5 hydras
  2 catoblepae
  3 centaur warriors
  13 two-headed ogres
  A dancing weapon (Elf:1)
  A vampire mage (Depths:1)
  4 death yaks (D:14)
  Urug (D:15)
  5 skeletal warriors (D:15)
  An unseen horror (shapeshifter) (D:15)
  A wizard (D:15)
  3 orc knights
  6 oklob plants
  9 orc sorcerers
  21 deep elf magi
  27 orb spiders
  8 ugly things
  40 wolf spiders
  5 manticores
  7 cyclopes
  4 black mambas
  6 ice statues
  6 elephants (Lair:6)
  3 centaur zombies
  2 moths of wrath (Spider:4)
  A torpor snail (Lair:6)
  Psyche (D:9)
  A naga mage (D:15)
  6 spiny frogs
  The ghost of Manul the Slasher, a novice DsGl of Gozag (D:5)
  21 demonic crawlers
  2 freezing wraiths
  An anaconda simulacrum (IceCv)
  A kobold demonologist (D:13)
  An ice devil (Abyss:2)
  2 rime drakes
  10 komodo dragons
  15 yaktaurs
  A golden dragon simulacrum (IceCv)
  5 trolls
  5 tyrant leeches (Lair:2)
  7 hornets
  36 jumping spiders
  11 polar bears (Lair:6)
  15 slime creatures
  A snapping turtle (Lair:4)
  12 dream sheep (Lair:6)
  9 hippogriffs
  3 raiju (Lair:6)
  2 shadows
  A centaur simulacrum (D:15)
  30 tarantellas
  3 water elementals
  66 redbacks
  35 yaks
  10 wraiths
  A tarantella (shapeshifter) (Depths:1)
  A dire elephant simulacrum (IceCv)
  5 fire elementals (D:15)
  3 basilisks
  A basilisk (shapeshifter) (D:14)
  3 hogs (Spider:2)
  A small abomination (Abyss:2)
  A steam dragon (D:9)
  5 hungry ghosts
  3 vampire mosquitoes (Spider:3)
  2 soldier ants (D:9)
  9 wargs
  5 swamp worms (Lair:2)
  5 harpy simulacra (IceCv)
  An iron troll simulacrum (IceCv)
  An acid dragon (D:13)
  9 water moccasins
  16 hell hounds
  8 porcupines
  2 sky beasts
  3 gnoll sergeants
  2 hornet zombies
  An eye of draining (shapeshifter) (D:12)
  18 orc warriors
  12 ice beasts
  5 eyes of draining
  14 ogres
  12 black bears
  3 necrophages
  A phantom (D:3)
  28 wolves
  7 centaurs
  5 crocodiles
  22 bullfrogs
  2 big kobolds
  A wyvern zombie (D:14)
  8 scorpions
  7 wights
  7 electric eels
  A vampire bat (Orc:2)
  4 howler monkeys
  8 crimson imps
  3 bullfrog zombies
  A quasit (D:11)
  A jelly (D:12)
  18 orc priests
  9 hounds
  27 orc wizards
  5 centaur skeletons
  2 bullfrog skeletons (D:6)
  6 iguanas
  13 worker ants
  4 hound skeletons
  A worker ant zombie (D:6)
  22 gnolls
  13 adders
  3 shadow imps
  2 white imps (Lair:6)
  2 oozes
  An adder zombie (D:6)
  An adder skeleton (D:4)
  3 worms
  8 leopard geckos
  80 orcs
  10 bats
  5 giant cockroaches
  13 goblins
  7 hobgoblins
  18 jackals
  4 quokkas
  4 ball pythons
  7 frilled lizards
  A jackal skeleton (D:8)
  15 kobolds
  2 leopard gecko skeletons (D:4)
  A quokka zombie (D:6)
  5 rats
  4 bushes (D:15)
  2 fungi
  11 plants
1131 creatures vanquished.

Vanquished Creatures (collateral kills)
  A sky beast (D:9)
  A scorpion (D:12)
  A gnoll (D:9)
  A shadow imp (D:12)
  An orc (D:9)
5 creatures vanquished.

Vanquished Creatures (others)
  A ghost moth (Spider:4)
  A deep elf knight (Elf:1)
  A tarantella (Spider:4)
  A hell hound (Lair:6)
  An acid dragon (D:15)
  2 orc wizards (Orc:2)
  8 fungi
  14 plants
29 creatures vanquished.

Grand Total: 1165 creatures vanquished

Notes
Turn   | Place    | Note
-------+----------+-------------------------------------------
     0 | D:1      | Rrauwl the Hill Orc Fighter began the quest for the Orb.
     0 | D:1      | Reached XP level 1. HP: 19/19 MP: 1/1
    36 | D:1      | Reached XP level 2. HP: 22/27 MP: 2/2
    38 | D:1      | Reached skill level 3 in Axes
   230 | D:1      | Reached XP level 3. HP: 33/33 MP: 3/3
   593 | D:2      | Reached skill level 1 in Dodging
   743 | D:2      | Reached XP level 4. HP: 38/40 MP: 4/4
   865 | D:2      | Found a glowing silver altar of Zin.
  1824 | D:3      | Reached XP level 5. HP: 40/47 MP: 5/5
  1868 | D:3      | Found a bloodstained altar of Trog.
  1870 | D:3      | Found an ancient bone altar of Kikubaaqudgha.
  1870 | D:3      | Found a burning altar of Makhleb.
  1872 | D:3      | Found a shimmering altar of Xom.
  1872 | D:3      | Found a hide-covered altar of Uskayaw.
  1872 | D:3      | Found a sacrificial altar of Ru.
  1923 | D:3      | Reached skill level 1 in Evocations
  1942 | D:3      | Noticed a phantom
  1975 | D:3      | Killed a phantom
  1975 | D:3      | Reached skill level 4 in Axes
  1975 | D:3      | Reached XP level 6. HP: 41/53 MP: 5/7
  1988 | D:3      | Found an iron altar of Okawaru.
  1988 | D:3      | Found a radiant altar of Vehumet.
  1992 | D:3      | Found a burning altar of Makhleb.
  2708 | D:4      | Reached skill level 5 in Fighting
  2748 | D:4      | Found a transporter.
  2791 | D:4      | Found a transporter.
  2807 | D:4      | Reached XP level 7. HP: 27/61 MP: 8/8
  3387 | D:3      | Became a worshipper of Warmaster Okawaru
  3461 | D:4      | Found a deep blue altar of Sif Muna.
  3461 | D:4      | Found a white marble altar of Elyvilon.
  3465 | D:4      | Reached skill level 5 in Axes
  3585 | D:4      | Reached skill level 5 in Armour
  3585 | D:4      | Reached skill level 5 in Shields
  3772 | D:5      | Entered Level 5 of the Dungeon
  3802 | D:5      | Noticed Manul's ghost (novice DsGl)
  3851 | D:5      | Killed Manul's ghost
  3851 | D:5      | Reached * piety under Okawaru
  3851 | D:5      | Reached ** piety under Okawaru
  3851 | D:5      | Reached XP level 8. HP: 31/70 MP: 10/10
  4058 | D:5      | Found an opulent altar of Gozag.
  4129 | D:5      | Reached skill level 6 in Axes
  5210 | D:6      | Reached skill level 7 in Axes
  5249 | D:6      | Reached XP level 9. HP: 67/79 MP: 12/12
  5295 | D:6      | Found a staircase to the Ecumenical Temple.
  5308 | Temple   | Entered the Ecumenical Temple
  5529 | D:6      | Found a hide-covered altar of Uskayaw.
  5536 | D:6      | Reached *** piety under Okawaru
  5618 | D:6      | Found Ynyosaiw's Jewellery Boutique.
  5715 | D:6      | Reached skill level 8 in Axes
  5963 | D:7      | Found an opulent altar of Gozag.
  6038 | D:7      | Found Uvaumape's Armour Shop.
  6041 | D:7      | Bought the cursed +0 helmet of Forking Paths {+Fly rElec rPois rC-} for 162 gold pieces
  6138 | D:7      | Reached skill level 9 in Axes
  6142 | D:7      | Found Libudd's Magic Scroll Shoppe.
  6150 | D:7      | Bought a scroll of random uselessness for 15 gold pieces
  6179 | D:7      | Learned a level 1 spell: Apportation
  6254 | D:7      | Found a sacrificial altar of Ru.
  6311 | D:7      | Reached skill level 10 in Axes
  6468 | D:7      | Found Zukkaisoss's General Store.
  6509 | D:7      | Found Bakut's General Store.
  6671 | D:7      | Found Wuxeicim's Assorted Antiques.
  6889 | D:7      | Bought a potion of mutation for 88 gold pieces
  7341 | D:8      | Reached **** piety under Okawaru
  7341 | D:8      | Reached skill level 11 in Axes
  7345 | D:8      | Noticed a brown ugly thing
  7355 | D:8      | Killed a brown ugly thing
  7355 | D:8      | Reached skill level 12 in Axes
  7355 | D:8      | Reached XP level 10. HP: 49/88 MP: 13/13
  8252 | D:9      | Reached skill level 13 in Axes
  8494 | D:9      | HP: 4/88 [orc warrior/short sword (11)]
  8849 | D:9      | Got a dazzling plate armour
  8860 | D:9      | Identified the cursed +1 plate armour of Salvation {rCorr} (You found it on level 9 of the Dungeon)
  8930 | D:9      | Reached skill level 14 in Axes
  9101 | D:9      | Noticed Psyche
  9107 | D:9      | Killed Psyche
  9264 | D:9      | Found a deep blue altar of Sif Muna.
  9648 | D:10     | Entered Level 10 of the Dungeon
  9678 | D:10     | Noticed a two-headed ogre
  9685 | D:10     | Killed a two-headed ogre
  9685 | D:10     | Reached ***** piety under Okawaru
  9685 | D:10     | Reached skill level 5 in Invocations
  9712 | D:10     | Noticed Erolcha
  9721 | D:10     | Reached XP level 11. HP: 94/94 MP: 1/15
  9722 | D:10     | Killed Erolcha
  9722 | D:10     | Reached skill level 15 in Axes
  9863 | D:10     | Noticed a two-headed ogre
  9876 | D:10     | Killed a two-headed ogre
 10053 | D:10     | Paralysed by a hornet for 3 turns
 10512 | D:11     | Noticed a two-headed ogre
 10522 | D:11     | Killed a two-headed ogre
 10579 | D:11     | Noticed a manticore
 10585 | D:11     | Killed a manticore
 10585 | D:11     | Reached skill level 16 in Axes
 10748 | D:11     | Noticed a red ugly thing
 10750 | D:11     | Noticed a cyclops
 10753 | D:11     | Killed a red ugly thing
 10753 | D:11     | Received a gift from Okawaru
 10754 | D:11     | Got a faintly glowing battleaxe {god gift}
 10765 | D:11     | Killed a cyclops
 10774 | D:11     | Identified the +7 battleaxe "Aseugon" {drain, +Inv rF- Int+4 Dex+4} (Okawaru gifted it to you on level 11 of the Dungeon)
 10808 | D:11     | Noticed a brown ugly thing
 10823 | D:11     | Killed a brown ugly thing
 10985 | D:11     | Found a staircase to the Lair.
 11168 | D:11     | Noticed a cyclops
 11186 | D:11     | Killed a cyclops
 11266 | Lair:1   | Entered Level 1 of the Lair of Beasts
 11768 | Lair:1   | Reached XP level 12. HP: 63/103 MP: 19/19
 12234 | Lair:2   | Reached skill level 5 in Evocations
 12518 | Lair:2   | Received a gift from Okawaru
 13455 | Lair:2   | Reached skill level 10 in Invocations
 14691 | Lair:2   | Noticed a five-headed hydra
 14691 | Lair:2   | Noticed a six-headed hydra
 14704 | Lair:2   | Killed a six-headed hydra
 14711 | Lair:2   | Killed a five-headed hydra
 15124 | D:11     | Reached skill level 10 in Fighting
 15316 | D:12     | Noticed a two-headed ogre
 15547 | D:12     | Reached skill level 17 in Axes
 15920 | D:12     | Cast into level 3 of the Abyss (a distortion unwield)
 15935 | D:12     | Escaped the Abyss
 16016 | D:12     | Reached XP level 13. HP: 95/113 MP: 20/20
 16137 | D:12     | Received a gift from Okawaru
 16144 | D:12     | Reached skill level 18 in Axes
 16255 | D:12     | Found Nogyck's Antique Armour Emporium.
 16285 | D:12     | Found a staircase to the Orcish Mines.
 16542 | Orc:1    | Entered Level 1 of the Orcish Mines
 17373 | Orc:2    | Entered Level 2 of the Orcish Mines
 17666 | Orc:2    | HP: 5/113 [orc warrior/trident[an orc knight] (21)]
 18263 | Orc:2    | Found a shimmering altar of Xom.
 18284 | Orc:2    | Found a staircase to the Elven Halls.
 18309 | Orc:2    | Found Doinaome's Assorted Antiques.
 18317 | Orc:2    | Bought a thin jade amulet for 130 gold pieces
 18317 | Orc:2    | Bought a scroll of enchant weapon for 195 gold pieces
 18397 | Orc:2    | Noticed Josephine
 18469 | Orc:2    | Killed Josephine
 18912 | Orc:2    | Found Paubraor's Gadget Emporium.
 18931 | Orc:2    | Found Emoff's Book Shoppe.
 18958 | Orc:2    | Found a radiant altar of Vehumet.
 18958 | Orc:2    | Noticed an ogre mage
 18975 | Orc:2    | Killed an ogre mage
 19131 | Orc:2    | Found Yrremn's Antique Armour Shoppe.
 19146 | Orc:2    | Noticed an ogre mage
 19380 | Orc:2    | Killed an ogre mage
 19384 | Orc:2    | Found an ancient bone altar of Kikubaaqudgha.
 19403 | Orc:2    | Cast into level 2 of the Abyss (orc sorcerer)
 19410 | Abyss:2  | Got a steaming long sword
 19443 | Orc:2    | Escaped the Abyss
 19663 | Orc:2    | Found a roughly hewn altar of Beogh.
 19663 | Orc:2    | Found Kuyr Aleshac's Magic Scroll Emporium.
 19687 | Orc:2    | Bought a scroll of brand weapon for 240 gold pieces
 19714 | Orc:2    | Bought a pair of glowing gloves for 247 gold pieces
 19823 | Elf:1    | Entered Level 1 of the Elven Halls
 19855 | Elf:1    | Reached skill level 10 in Armour
 19855 | Elf:1    | Reached skill level 10 in Shields
 20000 | Elf:1    | Reached XP level 14. HP: 121/121 MP: 23/23
 20082 | Elf:1    | Gained mutation: Your body sometimes deteriorates upon taking damage. [a neqoxec]
 20889 | Elf:1    | Received a gift from Okawaru
 20932 | Elf:1    | Got a faintly humming plate armour
 20933 | Elf:1    | Identified the +6 plate armour of Ducet {MR+ Str+4 SInv} (You took it off a deep elf high priest on level 1 of the Elven Halls)
 21238 | Lair:3   | Found a hole to the Spider Nest.
 21849 | Lair:4   | Learned a level 1 spell: Summon Butterflies
 22108 | Lair:4   | Found a staircase to the Shoals.
 22280 | Lair:5   | Found a staircase to the Slime Pits.
 22413 | Lair:5   | Reached skill level 15 in Invocations
 22713 | Lair:5   | Lost mutation: Your body sometimes deteriorates upon taking damage. [potion of mutation]
 22713 | Lair:5   | Gained mutation: You passively map a small area around you. [potion of mutation]
 22713 | Lair:5   | Gained mutation: You are partially covered in thin metallic scales. (AC +2) [potion of mutation]
 22728 | Lair:6   | Entered Level 6 of the Lair of Beasts
 22901 | Lair:6   | Received a gift from Okawaru
 22937 | Lair:6   | Reached XP level 15. HP: 122/128 MP: 26/26
 23092 | Lair:6   | Reached skill level 5 in Dodging
 24511 | D:13     | Found a gate to the Vaults.
 24769 | D:13     | Reached ****** piety under Okawaru
 25182 | D:13     | Received a gift from Okawaru
 25218 | D:13     | Noticed Frances
 25231 | D:13     | Killed Frances
 25231 | D:13     | Received a gift from Okawaru
 25437 | D:14     | Noticed Louise
 25465 | D:14     | Killed Louise
 25512 | D:14     | Noticed Ordine's ghost (journeyman TeFi)
 25524 | D:14     | Killed Ordine's ghost
 25531 | D:14     | Reached skill level 19 in Axes
 25559 | D:14     | Reached XP level 16. HP: 111/139 MP: 27/27
 26827 | D:15     | Entered Level 15 of the Dungeon
 26833 | D:15     | Noticed Urug
 26846 | D:15     | Killed Urug
 27015 | D:15     | Identified a scroll of acquirement
 27016 | D:15     | Got a steaming shield
 27027 | D:15     | Identified the +0 shield of Optimism {rC+} (You acquired it on level 15 of the Dungeon)
 27090 | D:15     | Found a staircase to the Depths.
 27103 | D:15     | Received a gift from Okawaru
 27199 | D:15     | Noticed Nessos
 27204 | D:15     | Killed Nessos
 27204 | D:15     | Reached skill level 20 in Axes
 27282 | D:15     | Noticed Azrael
 27292 | D:15     | Killed Azrael
 27603 | Spider:1 | Entered Level 1 of the Spider Nest
 28077 | Spider:1 | Noticed Donald
 28090 | Spider:1 | Killed Donald
 28090 | Spider:1 | Received a gift from Okawaru
 28095 | Spider:1 | Got a bloodstained crystal plate armour {god gift}
 28096 | Spider:1 | Identified the +9 crystal plate armour "Irumnyet" {+Fly rN+ rCorr Str-2} (Okawaru gifted it to you on level 1 of the Spider Nest)
 28297 | Spider:1 | Reached XP level 17. HP: 147/154 MP: 28/28
 28885 | Spider:2 | Reached skill level 15 in Fighting
 28979 | Spider:2 | Noticed Kirke
 29009 | Spider:2 | Killed Kirke
 29009 | Spider:2 | Reached skill level 10 in Evocations
 29082 | Spider:2 | Found a frozen archway.
 29095 | IceCv    | Entered an ice cave
 29825 | Spider:2 | Received a gift from Okawaru
 30447 | Spider:3 | Received a gift from Okawaru
 31205 | Spider:3 | Received a gift from Okawaru
 31206 | Spider:3 | Reached XP level 18. HP: 157/163 MP: 27/29
 31229 | Spider:4 | Entered Level 4 of the Spider Nest
 31803 | Spider:4 | Got a gossamer rune of Zot
 32653 | Depths:1 | Entered Level 1 of the Depths
 32683 | Depths:1 | Found a gateway to Hell.
 32886 | Depths:1 | Killed from afar by a frost giant (illusionary)

Vault maps used:
D:1:      dpeg_arrival_ternary
D:2:      zin_scriptorium, minmay_goblin_outpost
D:3:      nicolae_overflow_hidden_temple, doesnt_xom_only_xom
D:4:      gammafunk_steamed_eel, gammafunk_temple_overflow_pools
D:5:      lemuel_round_altar, first_ration
D:6:      eat_drink_and_be_merry_uskayaw, minmay_temple_entry_statues_fountains,
          serial_shops, shop
D:7:      nicolae_ru_great_annihilating_truth, serial_shops, shop, shop,
          kennysheep_mini_moat, nicolae_shop_trees, nicolae_shop_behind_doors,
          nicolae_gozag_seed_capital
D:9:      kennysheep_orc_sif_temple, minivault_5, hangedman_pestilent_swarm,
          uniq_psyche
D:10:     uniq_erolcha
D:11:     minmay_lair_entry_lava
D:12:     minmay_the_grid_net, serial_shops, shop
D:13:     lightli_vaults_fourway_checkpoint, uniq_frances
D:14:     fort_yaktaur, minivault_14, uniq_louise
D:15:     grunt_enter_depths_magical_seal, serial_park_paths, uniq_nessos,
          uniq_urug, uniq_azrael
Temple:   minmay_temple_bridge_abc
Lair:1:   minmay_holes, grunt_megastairs_2, lemuel_fruit_tree
Lair:2:   cheibrodos_lair_river_kwai, worms_lemuel
Lair:3:   spider_nest_entry_a, minmay_lair_oklob_chamber
Lair:4:   minmay_shoals_entry_hut
Lair:5:   minmay_slime_entry_oklob_open, serial_bayou_shore_b,
          infiniplex_staircase_pool_2
Lair:6:   hangedman_lair_caniforms_friends, ice2_lemuel, serial_bayou_shore_a,
          grunt_megastairs_5
Spider:1: uniq_donald
Spider:2: portal_ice_cave_entry_pillars_1, uniq_kirke
Spider:3: spider_temple_joshua, einodemon_crawler_minivault
Spider:4: grunt_spider_rune_circles
Orc:2:    kennysheep_orc_mage_school, basic_altar, serial_shops, shop,
          roderic_batcave, uniq_josephine
Elf:1:    minmay_elf_arrival_circle, kennysheep_underground_church
Depths:1: hell_entry, roderic_lattice_octagonal_star, pan_entry,
          hex_intersection, kennysheep_inner_square, serial_bayou_shore_b
Abyss:2:  bh_abyss_exit_spiral, serial_sigils_hangedman_shear
Abyss:3:  hangedman_decor_points, hangedman_steaming_rock,
          evilmike_abyss_exit_glass
IceCv:    ice_cave_statue_garden_chambered

Skill      XL: |  1  2  3  4  5  6  7  8  9 10 11 12 13 14 15 16 17 18 |
---------------+-------------------------------------------------------+-----
Axes           | 3 4 5 7 12 14 16 17 18 19 20 | 20.0
Fighting       | 4 5 6 7 8 10 11 14 15 | 15.0
Dodging        | 1 2 3 4 6 7 8 |  8.0
Armour         | 4 5 6 8 10 11 12 13 14 | 14.7
Shields        | 4 5 6 8 10 11 12 13 14 | 14.7
Evocations     | 1 2 3 4 5 6 7 8 9 10 11 | 11.0
Invocations    | 5 9 10 12 15 | 15.0

Action                   |  1- 3 |  4- 6 |  7- 9 | 10-12 | 13-15 | 16-18 || total
-------------------------+-------+-------+-------+-------+-------+-------++-------
Melee: War axe           |   102 |   225 |   401 |   731 |   541 |       ||  2000
       Whip              |       |       |       |    17 |       |       ||    17
       Broad axe         |       |       |       |       |   607 |  1129 ||  1736
       Eveningstar       |       |       |       |       |    15 |       ||    15
Invok: Heroism           |       |       |       |    15 |    40 |    34 ||    89
       Finesse           |       |       |       |       |    10 |     4 ||    14
 Abil: Evoke Flight      |       |       |       |       |     2 |     5 ||     7
       Stop Flying       |       |       |       |       |       |     2 ||     2
Evoke: Wand              |       |     1 |    15 |    34 |     3 |    14 ||    67
  Use: Scroll            |     5 |     3 |     8 |     8 |    10 |     8 ||    42
       Potion            |     3 |     7 |     4 |     4 |     3 |     2 ||    23
 Stab: Confused          |       |       |       |     1 |       |       ||     1
       Distracted        |       |       |       |       |     1 |       ||     1
  Eat: Chunk             |       |     5 |     8 |    12 |    21 |    17 ||    63
       Ration            |       |     1 |     2 |     5 |     3 |     3 ||    14
Armor: Scale mail        |    65 |    82 |   138 |   126 |    90 |       ||   501
       Plate armour      |       |       |       |    48 |   227 |    80 ||   355
       Crystal plate arm |       |       |       |       |       |   543 ||   543
Dodge: Dodged            |    49 |    79 |   126 |   160 |   254 |   210 ||   878
Block: Shield            |    80 |    97 |   190 |   298 |   517 |       ||  1182
       Large shield      |       |       |       |       |    38 |  1140 ||  1178

Table legend:
 A = Spawn XP
 B = Non-spawn XP
 C = Spawn XP percentage of total XP
 D = Spawn monster count
 E = Non-spawn monster count
 F = Spawn count percentage of total count
 G = Total turns spent on level
                    A         B        C        D         E        F      G
               +---------+---------+-------+---------+---------+-------+---------
         Total |     596 |  297733 |   0.2 |       3 |    1121 |   0.3 | 32886
               +---------+---------+-------+---------+---------+-------+---------
           D:1 |       0 |      47 |   0.0 |       0 |      25 |   0.0 |   524
           D:2 |       0 |      94 |   0.0 |       0 |      33 |   0.0 |  1211
           D:3 |       0 |     209 |   0.0 |       0 |      19 |   0.0 |   811
           D:4 |       0 |     699 |   0.0 |       0 |      26 |   0.0 |  1226
           D:5 |       0 |    1108 |   0.0 |       0 |      24 |   0.0 |  1317
           D:6 |       0 |     630 |   0.0 |       0 |      28 |   0.0 |   679
           D:7 |       0 |    1154 |   0.0 |       0 |      23 |   0.0 |  1040
           D:8 |       0 |    1270 |   0.0 |       0 |      18 |   0.0 |  1186
           D:9 |       0 |    2808 |   0.0 |       0 |      41 |   0.0 |  1459
          D:10 |       0 |    3818 |   0.0 |       0 |      21 |   0.0 |   848
          D:11 |       0 |    5735 |   0.0 |       0 |      25 |   0.0 |  1091
          D:12 |       0 |    6333 |   0.0 |       0 |      49 |   0.0 |  1792
          D:13 |       0 |   17457 |   0.0 |       0 |      50 |   0.0 |  1051
          D:14 |       0 |   27158 |   0.0 |       0 |      82 |   0.0 |  1504
          D:15 |       0 |   18323 |   0.0 |       0 |      45 |   0.0 |   620
        Lair:1 |       0 |    1275 |   0.0 |       0 |       7 |   0.0 |  1540
        Lair:2 |       0 |    9706 |   0.0 |       0 |      34 |   0.0 |  2459
        Lair:3 |       0 |    4422 |   0.0 |       0 |      18 |   0.0 |   625
        Lair:4 |       0 |    2419 |   0.0 |       0 |      13 |   0.0 |   631
        Lair:5 |       0 |    4757 |   0.0 |       0 |      12 |   0.0 |   500
        Lair:6 |       0 |   25265 |   0.0 |       0 |     114 |   0.0 |  1408
      Spider:1 |       0 |   17810 |   0.0 |       0 |      43 |   0.0 |  1239
      Spider:2 |       0 |   19423 |   0.0 |       0 |      47 |   0.0 |   845
      Spider:3 |       0 |   34693 |   0.0 |       0 |      82 |   0.0 |  1131
      Spider:4 |       0 |   44269 |   0.0 |       0 |      81 |   0.0 |   964
         Orc:1 |       0 |    4286 |   0.0 |       0 |      33 |   0.0 |  1117
         Orc:2 |       0 |   11453 |   0.0 |       0 |      69 |   0.0 |  1906
         Elf:1 |       0 |   13820 |   0.0 |       0 |      23 |   0.0 |  1138
      Depths:1 |       0 |    9790 |   0.0 |       0 |      14 |   0.0 |   233
       Abyss:2 |     596 |       0 | 100.0 |       3 |       0 | 100.0 |    40
         IceCv |       0 |    7502 |   0.0 |       0 |      22 |   0.0 |   541
               +---------+---------+-------+---------+---------+-------+---------
